AoeStats
← 大王同学

Black Forest

503537296Analyzed
4v4 RM · 1mo ago on Sep 1, 2026· 31m 3s· 8 players
Game mode
Random Map
Map size
Large (8 player)
Population
200
Speed
Normal
Resources
Standard
Victory
Conquest
Starting age
Dark Age
Ending age
Imperial Age
RankedLock teamsTeams togetherTeam positionsShared explorationLock speedFull tech treeHidden civsTurbo modeCheats
Victory
Defeat
🇲🇽 Saracens · Mexico
1316
+8
🇭🇰 Ethiopians · Hong Kong SAR China
1297
+8
🇨🇳 Khitans · China
1216
+11
🇺🇸 Mapuche · United States
1149
+14
🇺🇸 Georgians · United States
1250
-16
🇺🇸 Dravidians · United States
1215
-15
🇺🇸 Khmer · United States
1155
-12
🇺🇸 Ethiopians · United States
834
-6
fleashwound
0:43 Loom
11:16 Feudal Age
16:43 Castle Age
16:56 Double-Bit Axe
17:04 Gold Mining
18:15 Horse Collar
23:10 Fletching
23:20 Padded Archer Armor
25:29 Wheelbarrow
27:01 Leather Archer Armor
30:35 Bow Saw
31:01 Gold Shaft Mining
Maninthemiddle
1:19 Loom
10:06 Feudal Age
12:10 Double-Bit Axe
16:11 Fletching
18:50 Padded Archer Armor
19:28 Horse Collar
22:02 Gold Mining
25:42 Castle Age
26:44 Bow Saw
26:44 Bodkin Arrow
26:11 Crossbowman
29:53 Gold Shaft Mining
31:52 Leather Archer Armor
小离爱吃糖
8:26 Loom
12:15 Feudal Age
12:42 Double-Bit Axe
13:08 Domestication
20:50 Castle Age
19:13 Stone Mining
20:25 Gold Mining
21:40 Pastoralism
21:54 Bow Saw
23:26 Stone Shaft Mining
30:59 Scale Barding Armor
31:05 Forging
大王同学
0:34 Loom
10:59 Feudal Age
11:37 Double-Bit Axe
11:43 Gold Mining
11:44 Stone Mining
14:26 Forging
14:08 Fletching
18:43 Horse Collar
23:01 Castle Age
22:13 Wheelbarrow
23:07 Crossbowman
23:43 Bodkin Arrow
24:14 Bow Saw
24:13 Fishing Lines
27:06 Gillnets
29:07 Town Watch
33:50 Imperial Age
Dantastic
12:08 Feudal Age
12:50 Double-Bit Axe
15:50 Wheelbarrow
15:52 Scale Barding Armor
16:22 Bloodlines
18:22 Horse Collar
19:20 Forging
23:49 Fishing Lines
28:30 Castle Age
28:47 Light Cavalry
28:53 Light Cavalry
29:56 Chain Barding Armor
30:11 Iron Casting
29:42 Husbandry
JesusFreak
0:52 Loom
19:28 Feudal Age
28:32 Castle Age
cam
13:57 Feudal Age
14:24 Double-Bit Axe
14:22 Horse Collar
16:32 Loom
17:23 Wheelbarrow
18:03 Gold Mining
18:36 Forging
18:19 Fletching
18:35 Scale Barding Armor
18:33 Padded Archer Armor
18:33 Scale Mail Armor
24:08 Castle Age
Nijoru
2:57 Loom
11:20 Feudal Age
16:32 Castle Age
14:27 Double-Bit Axe
15:08 Fishing Lines
18:39 Fletching
28:59 Horse Collar
30:34 Wheelbarrow
29:45 Town Watch
Connection lost

Rejoining the realm…

Still unreachable

The connection could not be restored.

Session expired

The server has moved on; the page needs a fresh start.